Map: Void Thrashing

Players

xaligon

  • Race: Terran Terran
  • Spawn Location: 6:00

NamroodTuo

  • Race: Zerg Zerg

VOD

Have the link to the VOD?

Description

Time

  • Played on: Dec. 29, 2022, 7:37 a.m.
  • Length: 19:53
Show
View Real Time Build Order
Export as new Build Order

xaligon Terran 

Build Orders:  

Get SALT Encoding   

  12  0:19  SCV  
  13  0:36  SCV  
  14  0:45  Refinery  
  14  0:53  SCV  
  15  1:11  Supply Depot  
  15  1:21  Refinery  
  15  1:29  Barracks  
  15  1:41  SCV  
  16  1:53  Supply Depot  
  16  1:58  SCV  
  17  2:15  SCV  
  18  2:20  Engineering Bay  
  18  2:32  SCV  
  18  2:33  Barracks Reactor  
  19  2:49  SCV  
  20  2:50  Supply Depot  
  20  3:06  SCV  
  21  3:14  Barracks  
  21  3:23  SCV  
  22  3:39  SCV, Factory  
  22  3:47  Marine x2  
  23  3:56  SCV  
  23  3:57  Marine  
  27  4:11  Factory  
  27  4:13  SCV  
  28  4:30  SCV  
  28  4:34  Marine x2  
  31  4:44  Marine  
  31  4:47  SCV  
  33  4:56  Marine  
  33  4:57  Marine  
  34  5:04  SCV  
  34  5:07  Marine x2  
  34  5:09  Factory Reactor  
  37  5:17  Marine  
  39  5:35  Supply Depot  
  39  5:54  Armory  
  39  6:03  Marine x2  
  39  6:05  SCV  
  39  6:07  Terran Infantry Weapons Level 1  
  42  6:13  Marine x2  
  44  6:48  Factory Reactor  
  44  6:52  Vulture  
  46  7:09  Supply Depot  
  46  7:25  Supply Depot  
  46  7:31  Marine  
  46  7:36  Vulture x2, Marine  
  52  7:40  Barracks Reactor  
  52  7:41  Supply Depot  
  52  7:47  Vulture  
  54  7:53  Vulture  
  54  7:57  Vulture, Supply Depot  
  56  8:04  Marine x2  
  60  8:13  Supply Depot  
  60  8:14  Marine x2  
  62  8:24  Marine x2  
  62  8:29  Supply Depot  
  64  8:33  Marine x2  
  64  8:34  Marine  
  67  8:43  Marine  
  67  8:44  Terran Vehicle and Ship Weapons Level 1  
  67  8:47  Terran Infantry Armor Level 1  
  46  11:00  Starport  
  46  11:11  Marine x2  
  46  11:17  Marine  
  46  11:18  Marine  
  48  11:21  Marine x2  
  48  11:24  Terran Vehicle And Ship Armor Level 1  
  48  11:28  Marine x2  
  52  11:31  Marine x2  
  52  11:32  Terran Infantry Weapons Level 2  
  52  11:38  Marine x2  
  56  11:40  Supply Depot  
  56  11:41  Marine  
  56  11:42  Marine  
  56  11:48  Marine x2  
  60  11:53  Starport  
  60  11:56  Vulture x2  
  66  12:06  Vulture x2  
  70  12:11  Supply Depot  
  70  12:16  Vulture x2  
  74  12:24  Marine x2  
  74  12:26  Vulture  
  78  12:34  Marine x2  
  78  12:35  Marine x2  
  82  12:45  Marine  
  82  12:46  Fusion Core  
  83  13:01  Fusion Core  
  83  13:22  Starport Tech Lab  
  83  13:23  Supply Depot  
  83  13:24  Starport Tech Lab  
  83  13:25  Marine  
  83  13:26  Marine  
  85  13:31  Marine  
  85  13:35  Marine  
  85  13:36  Marine  
  88  13:46  Marine x2  
  90  13:56  Marine  
  91  14:08  Weapon Refit  
  91  14:42  Terran Infantry Armor Level 2  
  76  16:02  Battlecruiser  
  76  16:05  Battlecruiser  
  84  16:45  Battlecruiser  
  84  16:48  Battlecruiser  
  96  17:27  Battlecruiser  
  83  18:02  Battlecruiser  
  82  18:10  Battlecruiser  
Show
View Real Time Build Order
Export as new Build Order

NamroodTuo Zerg 

Build Orders:  

Get SALT Encoding   

  12  0:02  Infested SCV  
  13  0:19  Overlord  
  13  0:26  Infested SCV  
  14  0:52  Infested Barracks  
  14  0:54  Infested SCV  
  14  0:56  Infested SCV  
  16  1:01  Infested SCV  
  16  1:06  Infested SCV  
  18  1:21  Infested SCV  
  19  1:37  Infested SCV  
  20  1:54  Overlord  
  20  1:57  Infested Marine  
  20  1:59  Infested Marine  
  22  2:08  Infestation Level 1  
  22  2:12  Infested SCV  
  23  2:25  Infested SCV  
  24  2:37  Infested Marine  
  25  2:48  Infested SCV  
  26  2:53  Infested Engineering Bay  
  26  3:05  Infested Refinery  
  26  3:07  Infested SCV, Infested Refinery  
  27  3:15  Infested SCV  
  28  3:31  Infested Marine  
  28  3:32  Infested Marine x3  
  28  3:34  Infested Marine  
  31  3:43  Overlord  
  31  4:01  Overlord  
  31  4:03  Overlord  
  30  4:33  Infested Refinery  
  30  4:38  Infested Command Center  
  34  4:52  Infested Bunker  
  29  5:12  Infested Marine x7  
  29  5:13  Infested Marine x13  
  49  5:59  Infested Bunker  
  53  6:35  Infested Marine  
  53  6:36  Infested Marine x15  
  49  6:52  Infested SCV x5  
  54  7:08  Infested SCV  
  54  7:09  Infested SCV x2  
  57  7:10  Infested SCV x2  
  59  7:25  Infested SCV x2  
  59  7:26  Infested SCV  
  62  7:44  Infested Refinery  
  62  7:47  Infested SCV x2  
  64  8:00  Infested Marine x3  
  64  8:03  Infested SCV x2  
  69  8:10  Infested Marine  
  69  8:11  Infested Marine x2  
  69  8:16  Regenerative Plating  
  56  8:23  Infested Factory  
  56  8:26  Infested Barracks Tech Lab  
  56  8:28  Infestation Level 2  
  56  8:36  Infested SCV x3  
  53  8:50  Infested Barracks  
  53  9:03  Infested SCV  
  53  9:04  Infested SCV  
  55  9:10  Infested Marine x2  
  55  9:11  Infested Marine x8  
  55  9:16  Stukov Infantry Armor Level 1  
  65  9:32  Overlord x2  
  65  9:42  Infested SCV x3  
  68  9:51  Unknown  
  68  9:54  Infested SCV  
  69  10:15  Infested Marine x3  
  69  10:16  Infested Marine x14  
  86  10:25  Infested Barracks  
  86  10:33  Infested Armory  
  85  10:42  Overlord x5  
  85  10:43  Overlord x3  
  76  11:01  Infested Missile Turret  
  76  11:05  Infested SCV  
  76  11:07  Infested SCV  
  78  11:12  Infested SCV  
  79  11:21  Infested Marine  
  79  11:22  Infested Marine x4  
  79  11:23  Infested Marine x2  
  86  11:31  Infested Missile Turret  
  86  11:41  Infested Barracks  
  90  11:56  Stukov Infantry Weapons Level 1  
  90  11:58  Infested Bunker  
  77  12:35  Infested Bunker  
  81  12:45  Infested Bunker  
  81  12:48  Infested Missile Turret  
  81  12:57  Infestation Level 3  
  74  13:27  Infested Bunker  
  78  13:37  Infested Marine x3  
  78  13:38  Infested Marine x7  
  92  13:57  Infested Marine  
  92  13:58  Infested Marine x12  
  92  13:59  Infested Marine x2  
  107  14:22  Infested Marine  
  107  14:23  Infested Marine x22  
  107  14:24  Infested Marine x20  
  107  14:26  Infested Bunker  
  107  14:28  Overlord x4  
  150  14:32  Overlord  
  150  14:36  Calcified Armor  
  147  14:56  Infested Marine  
  147  14:57  Infested Marine x22  
  151  15:01  Overlord  
  151  15:02  Overlord x2  
  148  15:21  Infested Marine  
  148  15:22  Infested Marine x18  
  148  15:23  Infested Marine x10  
  177  15:36  Stukov Infantry Armor Level 2  
  134  16:02  Infested Marine x5  
  134  16:03  Infested Marine x13  
  150  16:37  Infested Marine  
  150  16:38  Infested Marine x10  
  150  16:39  Infested Marine x25  
  165  16:40  Infested Marine x7  
  172  16:51  Aggressive Incubation  
  143  17:00  Retinal Augmentation  
  125  17:42  Infested Marine  
  125  17:43  Infested Marine x24  
  125  17:44  Infested Marine x25  
  125  17:45  Infested Marine x7  
  182  17:57  Infested Marine  
  182  17:58  Infested Marine x9  
  182  17:59  Infested Marine  
  197  18:00  Plagued Munitions  
  197  18:07  Infested Marine  
  197  18:08  Infested Marine x2  
  200  18:18  Infested Bunker  
  104  19:29  Infested Marine  
  98  19:30  Infested Marine x25  
  98  19:31  Infested Marine  
Tags
 
Commander
RaynorStukov
Matchup
Co-op
Replay Pack
Multiplayer
Add a new tag
Caveats
  • Supply blocks, unpowered buildings, or Contaminate may cause inaccurate times.
  • Supply counts are checked every 10 seconds.